TOP OF THE 1ST |
Cleveland Indians batting - Pitching for New York Yankees : LHP Ryan Yarbrough
|
Pitching: LHP Ryan Yarbrough
|
|
Batting: SHB Jose Ramirez
|
0-0: Called Strike 0-1: Swinging Strike 0-2: Ball 1-2: Ball 2-2: SINGLE (Flyball, 78S, EV 93.1 MPH)
|
Batting: RHB Marcus Semien
|
0-0: Ball 1-0: Foul Ball, location: 2F 1-1: Ball 2-1: Hit by Pitch Jose Ramirez to second
|
Batting: LHB Christian Yelich
|
0-0: Called Strike 0-1: Ball 1-1: Swinging Strike 1-2: Ball 2-2: Ball 3-2: Foul Ball, location: 2F 3-2: 3-RUN HOME RUN (Flyball, 9LD, EV 110.0 MPH), Distance : 341 ft
|
Batting: RHB J.D. Martinez
|
0-0: Swinging Strike 0-1: SINGLE (Line Drive, 8LS, EV 103.1 MPH)
|
Batting: RHB Mitch Garver
|
0-0: Called Strike 0-1: Ball 1-1: Foul Ball, location: 2F 1-2: Strikes out swinging
|
Batting: RHB Mark Canha
|
0-0: Ball 1-0: SINGLE (Flyball, 78M, EV 88.8 MPH) J.D. Martinez to second
|
Batting: LHB Adam Frazier
|
0-0: Foul Ball, location: 2F 0-1: Foul Ball, location: 2F 0-2: Ball 1-2: Foul Ball, location: 2F 1-2: Foul Ball, location: 2F 1-2: Fly out, F9 (Line Drive, 9D, EV 93.1 MPH) Runner from 2nd tags up, SAFE at 3rd, no throw by RF
|
Batting: RHB Kevin Pillar
|
0-0: Foul Ball, location: 2F 0-1: Foul Ball, location: 2F 0-2: Ball 1-2: Foul Ball, location: 2F 1-2: Hit by Pitch Mark Canha to second
|
Batting: SHB Luis Rengifo
|
0-0: Called Strike 0-1: Ball 1-1: Ball 2-1: Fielders Choice at 2nd, 6-4 (Groundball, 6, EV 85.6 MPH)
|
Top of the 1st over - 3 runs, 4 hits, 0 errors, 3 left on base; Cleveland 3 - New York 0 |
BOTTOM OF THE 1ST |
New York Yankees batting - Pitching for Cleveland Indians : RHP Max Scherzer
|
Pitching: RHP Max Scherzer
|
|
Batting: LHB Tony Kemp
|
0-0: Swinging Strike 0-1: Foul Ball, location: 2F 0-2: SINGLE (Groundball, 6MS, EV 63.8 MPH) (infield hit)
|
Batting: LHB Charlie Blackmon
|
0-0: Called Strike 0-1: Ball 1-1: Grounds into double play, 4-6-3 (Groundball, 4, EV 88.8 MPH)
|
Batting: RHB Paul Goldschmidt
|
0-0: Called Strike 0-1: Called Strike 0-2: Ball 1-2: Ball 2-2: Foul Ball, location: 2F 2-2: Foul Ball, location: 2F 2-2: Ball 3-2: Strikes out swinging
|
Bottom of the 1st over - 0 runs, 1 hit, 0 errors, 0 left on base; Cleveland 3 - New York 0 |
TOP OF THE 2ND |
Cleveland Indians batting - Pitching for New York Yankees : LHP Ryan Yarbrough
|
Batting: SHB Jose Ramirez
|
0-0: Ball 1-0: Fly out, F7 (Flyball, 7LM, EV 102.5 MPH)
|
Batting: RHB Marcus Semien
|
0-0: Ball 1-0: Swinging Strike 1-1: Ball 2-1: Called Strike 2-2: Ball 3-2: Base on Balls
|
Batting: LHB Christian Yelich
|
0-0: Ball 1-0: Called Strike 1-1: Ball 2-1: Foul Ball, location: 2F 2-2: Foul Ball, location: 2F 2-2: SINGLE (Flyball, 7S, EV 90.0 MPH) Marcus Semien to second
|
Batting: RHB J.D. Martinez
|
0-0: Called Strike 0-1: Ball 1-1: Fly out, F8 (Flyball, 8RD, EV 97.5 MPH) Runner from 2nd tags up, SAFE at 3rd with throw by CF
|
Batting: RHB Mitch Garver
|
0-0: Ball 1-0: Fly out, F8 (Flyball, 8LD, EV 104.4 MPH)
|
Top of the 2nd over - 0 runs, 1 hit, 0 errors, 2 left on base; Cleveland 3 - New York 0 |
BOTTOM OF THE 2ND |
New York Yankees batting - Pitching for Cleveland Indians : RHP Max Scherzer
|
Batting: LHB Willie Calhoun
|
0-0: Ball 1-0: Ground out U3 (Groundball, 34, EV 83.8 MPH)
|
Batting: RHB Eloy Jimenez
|
0-0: Ball 1-0: Foul Ball, location: 2F 1-1: Ball 2-1: Ball 3-1: Fly out, F8 (Flyball, 8RXD, EV 100.0 MPH)
|
Batting: LHB Omar Narvaez
|
0-0: Swinging Strike 0-1: Ball 1-1: Swinging Strike 1-2: Foul Ball, location: 2F 1-2: Ball 2-2: Strikes out swinging
|
Bottom of the 2nd over - 0 runs, 0 hits, 0 errors, 0 left on base; Cleveland 3 - New York 0 |
TOP OF THE 3RD |
Cleveland Indians batting - Pitching for New York Yankees : LHP Ryan Yarbrough
|
Batting: RHB Mark Canha
|
0-0: Foul Ball, location: 2F 0-1: Fly out, F8 (Flyball, 8LD, EV 102.5 MPH)
|
Batting: LHB Adam Frazier
|
0-0: Fly out, F7 (Flyball, 7LD, EV 98.8 MPH)
|
Batting: RHB Kevin Pillar
|
0-0: Called Strike 0-1: Foul Ball, location: 2F 0-2: Ball 1-2: SOLO HOME RUN (Line Drive, 7D, EV 98.1 MPH), Distance : 383 ft
|
Batting: SHB Luis Rengifo
|
0-0: Ground out 4-3 (Groundball, 4M, EV 104.4 MPH)
|
Top of the 3rd over - 1 run, 1 hit, 0 errors, 0 left on base; Cleveland 4 - New York 0 |
BOTTOM OF THE 3RD |
New York Yankees batting - Pitching for Cleveland Indians : RHP Max Scherzer
|
Batting: LHB Odubel Herrera
|
0-0: Ball 1-0: Ball 2-0: Ball 3-0: Base on Balls
|
Batting: RHB Garrett Hampson
|
0-0: Ball 1-0: Swinging Strike 1-1: Called Strike 1-2: Ground out 4-3 (Groundball, 34D, EV 103.1 MPH) Odubel Herrera to second
|
Batting: RHB Hanser Alberto
|
0-0: Ball 1-0: Foul Ball, location: 2F 1-1: Ball 2-1: SINGLE (Flyball, 8RS, EV 93.8 MPH) Odubel Herrera to third Runner from 3rd tries for Home, SAFE, throw by CF to home
|
Batting: LHB Tony Kemp
|
0-0: Called Strike 0-1: Fielders Choice at 2nd, 1-6 (Groundball, 13S, EV 70.0 MPH)
|
Batting: LHB Charlie Blackmon
|
0-0: SINGLE (Groundball, 25, EV 71.9 MPH) (infield hit) Tony Kemp to second
|
Batting: RHB Paul Goldschmidt
|
0-0: Ball 1-0: Foul Ball, location: 2F 1-1: Ball 2-1: Foul Ball, location: 2F 2-2: Fly out, F6 (Flyball, 56D, EV 78.8 MPH)
|
Bottom of the 3rd over - 1 run, 2 hits, 0 errors, 2 left on base; Cleveland 4 - New York 1 |
TOP OF THE 4TH |
Cleveland Indians batting - Pitching for New York Yankees : LHP Ryan Yarbrough
|
Batting: SHB Jose Ramirez
|
0-0: Called Strike 0-1: DOUBLE (Flyball, 8RXD, EV 91.9 MPH)
|
Batting: RHB Marcus Semien
|
0-0: Ball 1-0: Called Strike 1-1: Foul Ball, location: 2F 1-2: Ball Wild Pitch! Jose Ramirez to third 2-2: Fly out, F7 (Flyball, 78XD, EV 99.4 MPH) Runner from 3rd tags up, SCORES, no throw by LF
|
Pitching: LHP Wade LeBlanc
|
|
Batting: LHB Christian Yelich
|
0-0: Ball 1-0: Ball 2-0: Ball 3-0: Called Strike 3-1: Base on Balls
|
Batting: RHB J.D. Martinez
|
0-0: Ball 1-0: Ball 2-0: Ball 3-0: Base on Balls Christian Yelich to second
|
Batting: RHB Mitch Garver
|
0-0: Swinging Strike 0-1: Ball 1-1: Called Strike Christian Yelich steals 3rd base 1-2: Ball 2-2: Fly out, F8 (Flyball, 89S, EV 73.8 MPH)
|
Batting: RHB Mark Canha
|
0-0: Ball 1-0: Called Strike 1-1: Called Strike 1-2: Strikes out swinging
|
Top of the 4th over - 1 run, 1 hit, 0 errors, 2 left on base; Cleveland 5 - New York 1 |
BOTTOM OF THE 4TH |
New York Yankees batting - Pitching for Cleveland Indians : RHP Max Scherzer
|
Batting: LHB Willie Calhoun
|
0-0: Ball 1-0: Foul Ball, location: 2F 1-1: Swinging Strike 1-2: Foul Ball, location: 2F 1-2: Fly out, F7 (Flyball, 7D, EV 86.9 MPH)
|
Batting: RHB Eloy Jimenez
|
0-0: Ball 1-0: Called Strike 1-1: Called Strike 1-2: SINGLE (Line Drive, 6D, EV 99.4 MPH)
|
Batting: LHB Omar Narvaez
|
0-0: Ball 1-0: Called Strike 1-1: Ball 2-1: Foul Ball, location: 2F 2-2: Fly out, F9 (Flyball, 89S, EV 94.4 MPH)
|
Batting: LHB Odubel Herrera
|
0-0: Foul Ball, location: 2F 0-1: Ball 1-1: Foul Ball, location: 2F 1-2: Strikes out swinging
|
Bottom of the 4th over - 0 runs, 1 hit, 0 errors, 1 left on base; Cleveland 5 - New York 1 |
TOP OF THE 5TH |
Cleveland Indians batting - Pitching for New York Yankees : LHP Wade LeBlanc
|
Batting: LHB Adam Frazier
|
0-0: Swinging Strike 0-1: Fly out, F8 (Flyball, 89S, EV 90.0 MPH)
|
Batting: RHB Kevin Pillar
|
0-0: Ball 1-0: Ground out 4-3 (Groundball, 4, EV 101.9 MPH)
|
Batting: SHB Luis Rengifo
|
0-0: Called Strike 0-1: Ball 1-1: Foul Ball, location: 2F 1-2: Strikes out swinging
|
Top of the 5th over - 0 runs, 0 hits, 0 errors, 0 left on base; Cleveland 5 - New York 1 |
BOTTOM OF THE 5TH |
New York Yankees batting - Pitching for Cleveland Indians : RHP Max Scherzer
|
Batting: RHB Garrett Hampson
|
0-0: Ball 1-0: Called Strike 1-1: Fly out, F7 (Flyball, 7D, EV 86.3 MPH)
|
Batting: RHB Hanser Alberto
|
0-0: Swinging Strike 0-1: Swinging Strike 0-2: Foul Ball, location: 2F 0-2: Strikes out swinging
|
Batting: LHB Tony Kemp
|
0-0: Called Strike 0-1: SINGLE (Line Drive, 89M, EV 98.8 MPH)
|
Batting: LHB Charlie Blackmon
|
0-0: Swinging Strike 0-1: Foul Ball, location: 2F 0-2: Ball 1-2: Strikes out swinging
|
Bottom of the 5th over - 0 runs, 1 hit, 0 errors, 1 left on base; Cleveland 5 - New York 1 |
TOP OF THE 6TH |
Cleveland Indians batting - Pitching for New York Yankees : LHP Wade LeBlanc
|
Batting: SHB Jose Ramirez
|
0-0: Called Strike 0-1: Swinging Strike 0-2: Strikes out swinging
|
Batting: RHB Marcus Semien
|
0-0: Called Strike 0-1: Ball 1-1: Ball 2-1: SOLO HOME RUN (Flyball, 7LD, EV 91.3 MPH), Distance : 388 ft
|
Batting: LHB Christian Yelich
|
0-0: Ball 1-0: Fly out, F7 (Flyball, 78S, EV 90.6 MPH)
|
Batting: RHB J.D. Martinez
|
0-0: Called Strike 0-1: Swinging Strike 0-2: Foul Ball, location: 2F 0-2: Ball 1-2: Foul Ball, location: 2F 1-2: Foul Ball, location: 2F 1-2: Strikes out swinging
|
Top of the 6th over - 1 run, 1 hit, 0 errors, 0 left on base; Cleveland 6 - New York 1 |
BOTTOM OF THE 6TH |
New York Yankees batting - Pitching for Cleveland Indians : RHP Max Scherzer
|
Batting: RHB Paul Goldschmidt
|
0-0: Ball 1-0: Called Strike 1-1: Ball 2-1: Ball 3-1: Fly out, F9 (Flyball, 89S, EV 76.3 MPH)
|
Batting: LHB Willie Calhoun
|
0-0: Ball 1-0: SOLO HOME RUN (Flyball, 7LD, EV 94.4 MPH), Distance : 361 ft
|
Batting: RHB Eloy Jimenez
|
0-0: Called Strike 0-1: Foul Ball, location: 2F 0-2: Ball 1-2: Ball 2-2: Foul Ball, location: 2F 2-2: Fly out, F9 (Flyball, 9LM, EV 101.3 MPH)
|
Batting: LHB Omar Narvaez
|
0-0: Fly out, F8 (Flyball, 89D, EV 98.8 MPH)
|
Bottom of the 6th over - 1 run, 1 hit, 0 errors, 0 left on base; Cleveland 6 - New York 2 |
TOP OF THE 7TH |
Cleveland Indians batting - Pitching for New York Yankees : LHP Wade LeBlanc
|
Pitching: RHP Jose Urquidy
|
|
Batting: RHB Mitch Garver
|
0-0: Called Strike 0-1: Foul Ball, location: 2F 0-2: Foul Ball, location: 2F 0-2: Ball 1-2: Ball 2-2: SINGLE (Line Drive, 8RS, EV 109.4 MPH)
|
Batting: RHB Mark Canha
|
0-0: Foul Ball, location: 2F 0-1: Swinging Strike 0-2: Ball 1-2: Strikes out looking
|
Batting: LHB Adam Frazier
|
0-0: Ball 1-0: Called Strike 1-1: Ball 2-1: Ball 3-1: Ground out 4-3 (Groundball, 34, EV 101.3 MPH) Mitch Garver to second
|
Batting: RHB Kevin Pillar
|
0-0: Called Strike 0-1: Ball 1-1: Swinging Strike 1-2: Strikes out looking
|
Top of the 7th over - 0 runs, 1 hit, 0 errors, 1 left on base; Cleveland 6 - New York 2 |
BOTTOM OF THE 7TH |
New York Yankees batting - Pitching for Cleveland Indians : RHP Max Scherzer
|
Batting: LHB Odubel Herrera
|
0-0: Foul Ball, location: 2F 0-1: Ball 1-1: Called Strike 1-2: Ball 2-2: Hit by Pitch
|
Batting: RHB Garrett Hampson
|
0-0: Called Strike 0-1: Called Strike 0-2: Ball 1-2: Strikes out swinging
|
Batting: RHB Hanser Alberto
|
0-0: Ball 1-0: Called Strike 1-1: Foul Ball, location: 2F 1-2: Ball 2-2: Foul Ball, location: 2F 2-2: Strikes out swinging
|
Batting: LHB Tony Kemp
|
0-0: Ball 1-0: Called Strike 1-1: Ball 2-1: Foul Ball, location: 2F 2-2: Foul Ball, location: 2F 2-2: Fly out, F8 (Line Drive, 8RD, EV 96.9 MPH)
|
Bottom of the 7th over - 0 runs, 0 hits, 0 errors, 1 left on base; Cleveland 6 - New York 2 |
TOP OF THE 8TH |
Cleveland Indians batting - Pitching for New York Yankees : RHP Jose Urquidy
|
Pitching: LHP Caleb Ferguson
|
|
Batting: SHB Luis Rengifo
|
0-0: Foul Ball, location: 2F 0-1: Called Strike 0-2: Strikes out looking
|
Batting: SHB Jose Ramirez
|
0-0: Ball 1-0: Fly out, F5 (Popup, 56S, EV 89.4 MPH)
|
Batting: RHB Marcus Semien
|
0-0: Ball 1-0: Ball 2-0: Hit by Pitch
|
Batting: LHB Christian Yelich
|
0-0: Called Strike 0-1: Ball 1-1: Ball 2-1: Foul Ball, location: 2F 2-2: Ball 3-2: Strikes out swinging
|
Top of the 8th over - 0 runs, 0 hits, 0 errors, 1 left on base; Cleveland 6 - New York 2 |
BOTTOM OF THE 8TH |
New York Yankees batting - Pitching for Cleveland Indians : RHP Max Scherzer
|
Pitching: RHP Liam Hendriks
|
|
Batting: LHB Charlie Blackmon
|
0-0: Ball 1-0: Swinging Strike 1-1: Ball 2-1: DOUBLE (Line Drive, 89D, EV 111.3 MPH)
|
Batting: RHB Paul Goldschmidt
|
0-0: Ball 1-0: Ball 2-0: Ground out 6-3 (Groundball, 6, EV 88.1 MPH)
|
Batting: LHB Willie Calhoun
|
0-0: Ball 1-0: Ball 2-0: Ground out U3 (Groundball, 34, EV 85.6 MPH) Charlie Blackmon to third
|
Batting: RHB Eloy Jimenez
|
0-0: Ball 1-0: Swinging Strike 1-1: Called Strike 1-2: Strikes out swinging
|
Bottom of the 8th over - 0 runs, 1 hit, 0 errors, 1 left on base; Cleveland 6 - New York 2 |
TOP OF THE 9TH |
Cleveland Indians batting - Pitching for New York Yankees : LHP Caleb Ferguson
|
Pitching: RHP Kyle Zimmer
|
|
Batting: RHB J.D. Martinez
|
0-0: Called Strike 0-1: Foul Ball, location: 2F 0-2: Ball 1-2: Ball 2-2: Ball 3-2: Base on Balls
|
Batting: RHB Mitch Garver
|
0-0: Ball 1-0: SINGLE (Line Drive, 9S, EV 94.4 MPH) J.D. Martinez to second
|
Batting: RHB Mark Canha
|
0-0: Ball 1-0: Called Strike 1-1: Foul Ball, location: 2F 1-2: Fielders Choice at 2nd, 3-6 (Groundball, 34, EV 105.6 MPH) J.D. Martinez to third
|
Batting: LHB Adam Frazier
|
0-0: Called Strike 0-1: Grounds into double play, 4-6-3 (Groundball, 4, EV 101.3 MPH)
|
Top of the 9th over - 0 runs, 1 hit, 0 errors, 1 left on base; Cleveland 6 - New York 2 |
BOTTOM OF THE 9TH |
New York Yankees batting - Pitching for Cleveland Indians : RHP Liam Hendriks
|
Pitching: RHP Michael Pineda
|
|
Batting: LHB Omar Narvaez
|
0-0: Called Strike 0-1: Called Strike 0-2: Ball 1-2: Ground out 4-3 (Groundball, 4, EV 85.6 MPH)
|
Batting: LHB Odubel Herrera
|
0-0: Ball 1-0: Ball 2-0: Foul Ball, location: 2F 2-1: Swinging Strike 2-2: Ball 3-2: SINGLE (Groundball, 34S, EV 63.8 MPH) (infield hit)
|
Batting: RHB Garrett Hampson
|
0-0: Called Strike 0-1: Ball 1-1: Grounds into double play, 5-4-3 (Groundball, 56, EV 81.9 MPH)
|
Bottom of the 9th over - 0 runs, 1 hit, 0 errors, 0 left on base; Cleveland 6 - New York 2 |
|